 Dungeon Crawl Stone Soup version 0.29-a0-789-g7a8fcbc185 (webtiles) character file.

Game seed: 3362887248110715471

6 gobodom the Chopper (level 1, -1/16 HPs)
             Began as a Demonspawn Gladiator on July 3, 2022.
             Slain by a frilled lizard (3 damage)
             ... on level 1 of the Dungeon.
             The game lasted 00:00:30 (279 turns).

gobodom the Chopper (Demonspawn Gladiator)           Turns: 279, Time: 00:00:32

Health: -1/16      AC:  4    Str: 14    XL:     1   Next: 75%
Magic:  1/1        EV:  9    Int:  9    God:
Gold:   24         SH:  0    Dex: 14    Spells: 0/0 levels left

rFire   . . .      SeeInvis .   a - +0 war axe
rCold   . . .      Faith    .   (no shield)
rNeg    . . .      Spirit   .   b - +0 leather armour
rPois   .          Reflect  .   c - +0 helmet
rElec   .          Harm     .   (no cloak)
rCorr   .          Rampage  .   (no gloves)
Will    .....                   (no boots)
Stlth   +.........              (no amulet)
HPRegen 0.05/turn               (no ring)
MPRegen 0.07/turn               (no ring)

@: constricted
A: no striking features
a: no special abilities


You were on level 1 of the Dungeon.
You visited 1 branch of the dungeon, and saw 1 of its levels.

You collected 24 gold pieces.

Inventory:

Hand Weapons
 a - a +0 war axe (weapon)
Missiles
 d - 3 throwing nets (quivered)
 e - a javelin
Armour
 b - a +0 leather armour (worn)
 c - a +0 helmet (worn)


   Skills:
 + Level 2.0 Fighting
 + Level 2.9 Axes
 + Level 1.8 Throwing
 + Level 0.3 Armour
 + Level 2.7 Dodging


You couldn't memorise any spells.
You didn't know any spells.
Your spell library was empty.

Dungeon Overview and Level Annotations

Branches:
Dungeon (1/15)

Altars:


Message History

The ball python moves out of view.
The helpless endoplasm fails to defend itself.
You hit the endoplasm but do no damage. The endoplasm freezes you.
You are frozen.
You slash the endoplasm!
You kill the endoplasm!
A hobgoblin comes into view.
The hobgoblin shouts!
You hit the hobgoblin but do no damage. The hobgoblin hits you.
You hit the hobgoblin.
You kill the hobgoblin!
A ball python comes into view.
Found a stone staircase leading down.
A frilled lizard and a kobold come into view.
The frilled lizard hisses angrily.
The kobold shouts!
A goblin comes into view. It is wielding a +0 dagger.
You closely miss the frilled lizard. You closely miss the ball python.
The frilled lizard bites you.
The ball python bites you but does no damage.
The ball python grabs you. The ball python constricts you.
The frilled lizard bites you. The kobold hits you but does no damage.
You barely miss the frilled lizard. You closely miss the kobold.
The goblin shouts!
You hit the ball python but do no damage.
The ball python bites you. The ball python constricts you.
The kobold hits you with a +0 short sword.
The frilled lizard bites you. The ball python barely misses you.
The ball python constricts you.
You barely miss the kobold. You closely miss the ball python.
You completely miss the frilled lizard. The ball python barely misses you.
The ball python constricts you. The frilled lizard bites you.
The kobold closely misses you.
You barely miss the kobold. You closely miss the frilled lizard.
You barely miss the ball python. The ball python closely misses you.
The ball python constricts you.
The kobold hits you with a +0 short sword.
* * * LOW HITPOINT WARNING * * *
The frilled lizard bites you.
You die...

... ##### ###
....##...##..
....#.......
......>....
..........#
...g....#
#.SKl.# #.@.#
##.###
#.#.###+##
##........#
####.........#
##....####.####
...........#
...........#
..........##


You could see a goblin, a ball python, a kobold and a frilled lizard.

Vanquished Creatures
  A ball python (D:1)
  An endoplasm (D:1)
  A hobgoblin (D:1)
  A frilled lizard (D:1)
  2 kobolds (D:1)
6 creatures vanquished.

Vanquished Creatures (others)
  12 plants (D:1)
12 creatures vanquished.

Grand Total: 18 creatures vanquished

Notes
Turn   | Place    | Note
-------+----------+-------------------------------------------
     0 | D:1      | gobodom the Demonspawn Gladiator began the quest for the
                  | Orb.
     0 | D:1      | Reached XP level 1. HP: 16/16 MP: 1/1
   279 | D:1      | Slain by a frilled lizard

Illustrated notes

Levels and vault maps discovered:
D:1:      roderic_crop_circles_arrival_small, layout_rooms,
          chequers_serial_rivers_room_b, serial_bayou_pond_d

Action                   || total
-------------------------++-------
Melee: War axe           ||    23
 Stab: Sleeping          ||     1
Armor: Leather armour    ||     5
Dodge: Dodged            ||    24

Table legend: (Time is in decaauts)
 A = Elapsed time spent in this place.
 B = Non-inter-level travel time spent in this place.
 C = Inter-level travel time spent in this place.
 D = Time resting spent in this place.
 E = Time spent auto-exploring this place.
 F = Levels seen in this place.
 G = Mean time per level.
                   A        B        C        D        E       F      G
               +--------+--------+--------+--------+--------+-----+--------+
         Total |    286 |    286 |      0 |      0 |    228 |   1 |  286.0 |
       Dungeon |    286 |    286 |      0 |      0 |    228 |   1 |  286.0 |
               +--------+--------+--------+--------+--------+-----+--------+

Top non-repeatable levels by time:
     D:1: 286 daAuts
